Workbook

Sheet Carteira
A1: Acompanhamento de Ações Bovespa
A2: Total investido | B2: =SUM(G5:G104) | D2: Valor atual da carteira | E2: =SUM(H5:H104) | G2: Resultado total | H2: =SUM(I5:I104)
A3: Resultado médio por ativo | B3: =IFERROR(AVERAGE(J5:J104),0) | D3: Ativos com resultado negativo | E3: =COUNTIF(K5:K104,"Acompanhar")
A4: Ticker | B4: Empresa | C4: Setor | D4: Quantidade atual | E4: Preço médio | F4: Preço de referência | G4: Custo total | H4: Valor atual | I4: Resultado R$ | J4: Resultado % | K4: Status
A5: ITUB4 | B5: Itaú Unibanco | C5: Bancos | D5: =IF(A5="","",SUMIF('Movimentações'!$C$5:$C$104,A5,'Movimentações'!$E$5:$E$104)) | E5: =IF(A5="","",IFERROR(SUMIF('Movimentações'!$C$5:$C$104,A5,'Movimentações'!$H$5:$H$104)/D5,0)) | F5: 34.5 | G5: =IF(OR(D5="",E5=""),"",D5*E5) | H5: =IF(OR(D5="",F5=""),"",D5*F5) | I5: =IF(OR(H5="",G5=""),"",H5-G5) | J5: =IF(I5="","",IFERROR(I5/G5,0)) | K5: =IF(J5="","",IF(J5>=0.1,"Avaliar realização",IF(J5<0,"Acompanhar","Manter")))
A6: VALE3 | B6: Vale | C6: Mineração | D6: =IF(A6="","",SUMIF('Movimentações'!$C$5:$C$104,A6,'Movimentações'!$E$5:$E$104)) | E6: =IF(A6="","",IFERROR(SUMIF('Movimentações'!$C$5:$C$104,A6,'Movimentações'!$H$5:$H$104)/D6,0)) | F6: 55 | G6: =IF(OR(D6="",E6=""),"",D6*E6) | H6: =IF(OR(D6="",F6=""),"",D6*F6) | I6: =IF(OR(H6="",G6=""),"",H6-G6) | J6: =IF(I6="","",IFERROR(I6/G6,0)) | K6: =IF(J6="","",IF(J6>=0.1,"Avaliar realização",IF(J6<0,"Acompanhar","Manter")))
A7: PETR4 | B7: Petrobras | C7: Petróleo e Gás | D7: =IF(A7="","",SUMIF('Movimentações'!$C$5:$C$104,A7,'Movimentações'!$E$5:$E$104)) | E7: =IF(A7="","",IFERROR(SUMIF('Movimentações'!$C$5:$C$104,A7,'Movimentações'!$H$5:$H$104)/D7,0)) | F7: 39 | G7: =IF(OR(D7="",E7=""),"",D7*E7) | H7: =IF(OR(D7="",F7=""),"",D7*F7) | I7: =IF(OR(H7="",G7=""),"",H7-G7) | J7: =IF(I7="","",IFERROR(I7/G7,0)) | K7: =IF(J7="","",IF(J7>=0.1,"Avaliar realização",IF(J7<0,"Acompanhar","Manter")))
A8: WEGE3 | B8: WEG | C8: Bens Industriais | D8: =IF(A8="","",SUMIF('Movimentações'!$C$5:$C$104,A8,'Movimentações'!$E$5:$E$104)) | E8: =IF(A8="","",IFERROR(SUMIF('Movimentações'!$C$5:$C$104,A8,'Movimentações'!$H$5:$H$104)/D8,0)) | F8: 48 | G8: =IF(OR(D8="",E8=""),"",D8*E8) | H8: =IF(OR(D8="",F8=""),"",D8*F8) | I8: =IF(OR(H8="",G8=""),"",H8-G8) | J8: =IF(I8="","",IFERROR(I8/G8,0)) | K8: =IF(J8="","",IF(J8>=0.1,"Avaliar realização",IF(J8<0,"Acompanhar","Manter")))
A9: BBAS3 | B9: Banco do Brasil | C9: Bancos | D9: =IF(A9="","",SUMIF('Movimentações'!$C$5:$C$104,A9,'Movimentações'!$E$5:$E$104)) | E9: =IF(A9="","",IFERROR(SUMIF('Movimentações'!$C$5:$C$104,A9,'Movimentações'!$H$5:$H$104)/D9,0)) | F9: 27 | G9: =IF(OR(D9="",E9=""),"",D9*E9) | H9: =IF(OR(D9="",F9=""),"",D9*F9) | I9: =IF(OR(H9="",G9=""),"",H9-G9) | J9: =IF(I9="","",IFERROR(I9/G9,0)) | K9: =IF(J9="","",IF(J9>=0.1,"Avaliar realização",IF(J9<0,"Acompanhar","Manter")))
A10: ABEV3 | B10: Ambev | C10: Bebidas | D10: =IF(A10="","",SUMIF('Movimentações'!$C$5:$C$104,A10,'Movimentações'!$E$5:$E$104)) | E10: =IF(A10="","",IFERROR(SUMIF('Movimentações'!$C$5:$C$104,A10,'Movimentações'!$H$5:$H$104)/D10,0)) | F10: 14.3 | G10: =IF(OR(D10="",E10=""),"",D10*E10) | H10: =IF(OR(D10="",F10=""),"",D10*F10) | I10: =IF(OR(H10="",G10=""),"",H10-G10) | J10: =IF(I10="","",IFERROR(I10/G10,0)) | K10: =IF(J10="","",IF(J10>=0.1,"Avaliar realização",IF(J10<0,"Acompanhar","Manter")))
A11: B3SA3 | B11: B3 | C11: Serviços Financeiros | D11: =IF(A11="","",SUMIF('Movimentações'!$C$5:$C$104,A11,'Movimentações'!$E$5:$E$104)) | E11: =IF(A11="","",IFERROR(SUMIF('Movimentações'!$C$5:$C$104,A11,'Movimentações'!$H$5:$H$104)/D11,0)) | F11: 11.9 | G11: =IF(OR(D11="",E11=""),"",D11*E11) | H11: =IF(OR(D11="",F11=""),"",D11*F11) | I11: =IF(OR(H11="",G11=""),"",H11-G11) | J11: =IF(I11="","",IFERROR(I11/G11,0)) | K11: =IF(J11="","",IF(J11>=0.1,"Avaliar realização",IF(J11<0,"Acompanhar","Manter")))
A12: LREN3 | B12: Lojas Renner | C12: Varejo | D12: =IF(A12="","",SUMIF('Movimentações'!$C$5:$C$104,A12,'Movimentações'!$E$5:$E$104)) | E12: =IF(A12="","",IFERROR(SUMIF('Movimentações'!$C$5:$C$104,A12,'Movimentações'!$H$5:$H$104)/D12,0)) | F12: 15.4 | G12: =IF(OR(D12="",E12=""),"",D12*E12) | H12: =IF(OR(D12="",F12=""),"",D12*F12) | I12: =IF(OR(H12="",G12=""),"",H12-G12) | J12: =IF(I12="","",IFERROR(I12/G12,0)) | K12: =IF(J12="","",IF(J12>=0.1,"Avaliar realização",IF(J12<0,"Acompanhar","Manter")))
D13: =IF(A13="","",SUMIF('Movimentações'!$C$5:$C$104,A13,'Movimentações'!$E$5:$E$104)) | E13: =IF(A13="","",IFERROR(SUMIF('Movimentações'!$C$5:$C$104,A13,'Movimentações'!$H$5:$H$104)/D13,0)) | G13: =IF(OR(D13="",E13=""),"",D13*E13) | H13: =IF(OR(D13="",F13=""),"",D13*F13) | I13: =IF(OR(H13="",G13=""),"",H13-G13) | J13: =IF(I13="","",IFERROR(I13/G13,0)) | K13: =IF(J13="","",IF(J13>=0.1,"Avaliar realização",IF(J13<0,"Acompanhar","Manter")))
D14: =IF(A14="","",SUMIF('Movimentações'!$C$5:$C$104,A14,'Movimentações'!$E$5:$E$104)) | E14: =IF(A14="","",IFERROR(SUMIF('Movimentações'!$C$5:$C$104,A14,'Movimentações'!$H$5:$H$104)/D14,0)) | G14: =IF(OR(D14="",E14=""),"",D14*E14) | H14: =IF(OR(D14="",F14=""),"",D14*F14) | I14: =IF(OR(H14="",G14=""),"",H14-G14) | J14: =IF(I14="","",IFERROR(I14/G14,0)) | K14: =IF(J14="","",IF(J14>=0.1,"Avaliar realização",IF(J14<0,"Acompanhar","Manter")))
D15: =IF(A15="","",SUMIF('Movimentações'!$C$5:$C$104,A15,'Movimentações'!$E$5:$E$104)) | E15: =IF(A15="","",IFERROR(SUMIF('Movimentações'!$C$5:$C$104,A15,'Movimentações'!$H$5:$H$104)/D15,0)) | G15: =IF(OR(D15="",E15=""),"",D15*E15) | H15: =IF(OR(D15="",F15=""),"",D15*F15) | I15: =IF(OR(H15="",G15=""),"",H15-G15) | J15: =IF(I15="","",IFERROR(I15/G15,0)) | K15: =IF(J15="","",IF(J15>=0.1,"Avaliar realização",IF(J15<0,"Acompanhar","Manter")))
D16: =IF(A16="","",SUMIF('Movimentações'!$C$5:$C$104,A16,'Movimentações'!$E$5:$E$104)) | E16: =IF(A16="","",IFERROR(SUMIF('Movimentações'!$C$5:$C$104,A16,'Movimentações'!$H$5:$H$104)/D16,0)) | G16: =IF(OR(D16="",E16=""),"",D16*E16) | H16: =IF(OR(D16="",F16=""),"",D16*F16) | I16: =IF(OR(H16="",G16=""),"",H16-G16) | J16: =IF(I16="","",IFERROR(I16/G16,0)) | K16: =IF(J16="","",IF(J16>=0.1,"Avaliar realização",IF(J16<0,"Acompanhar","Manter")))
D17: =IF(A17="","",SUMIF('Movimentações'!$C$5:$C$104,A17,'Movimentações'!$E$5:$E$104)) | E17: =IF(A17="","",IFERROR(SUMIF('Movimentações'!$C$5:$C$104,A17,'Movimentações'!$H$5:$H$104)/D17,0)) | G17: =IF(OR(D17="",E17=""),"",D17*E17) | H17: =IF(OR(D17="",F17=""),"",D17*F17) | I17: =IF(OR(H17="",G17=""),"",H17-G17) | J17: =IF(I17="","",IFERROR(I17/G17,0)) | K17: =IF(J17="","",IF(J17>=0.1,"Avaliar realização",IF(J17<0,"Acompanhar","Manter")))
D18: =IF(A18="","",SUMIF('Movimentações'!$C$5:$C$104,A18,'Movimentações'!$E$5:$E$104)) | E18: =IF(A18="","",IFERROR(SUMIF('Movimentações'!$C$5:$C$104,A18,'Movimentações'!$H$5:$H$104)/D18,0)) | G18: =IF(OR(D18="",E18=""),"",D18*E18) | H18: =IF(OR(D18="",F18=""),"",D18*F18) | I18: =IF(OR(H18="",G18=""),"",H18-G18) | J18: =IF(I18="","",IFERROR(I18/G18,0)) | K18: =IF(J18="","",IF(J18>=0.1,"Avaliar realização",IF(J18<0,"Acompanhar","Manter")))
D19: =IF(A19="","",SUMIF('Movimentações'!$C$5:$C$104,A19,'Movimentações'!$E$5:$E$104)) | E19: =IF(A19="","",IFERROR(SUMIF('Movimentações'!$C$5:$C$104,A19,'Movimentações'!$H$5:$H$104)/D19,0)) | G19: =IF(OR(D19="",E19=""),"",D19*E19) | H19: =IF(OR(D19="",F19=""),"",D19*F19) | I19: =IF(OR(H19="",G19=""),"",H19-G19) | J19: =IF(I19="","",IFERROR(I19/G19,0)) | K19: =IF(J19="","",IF(J19>=0.1,"Avaliar realização",IF(J19<0,"Acompanhar","Manter")))
D20: =IF(A20="","",SUMIF('Movimentações'!$C$5:$C$104,A20,'Movimentações'!$E$5:$E$104)) | E20: =IF(A20="","",IFERROR(SUMIF('Movimentações'!$C$5:$C$104,A20,'Movimentações'!$H$5:$H$104)/D20,0)) | G20: =IF(OR(D20="",E20=""),"",D20*E20) | H20: =IF(OR(D20="",F20=""),"",D20*F20) | I20: =IF(OR(H20="",G20=""),"",H20-G20) | J20: =IF(I20="","",IFERROR(I20/G20,0)) | K20: =IF(J20="","",IF(J20>=0.1,"Avaliar realização",IF(J20<0,"Acompanhar","Manter")))
D21: =IF(A21="","",SUMIF('Movimentações'!$C$5:$C$104,A21,'Movimentações'!$E$5:$E$104)) | E21: =IF(A21="","",IFERROR(SUMIF('Movimentações'!$C$5:$C$104,A21,'Movimentações'!$H$5:$H$104)/D21,0)) | G21: =IF(OR(D21="",E21=""),"",D21*E21) | H21: =IF(OR(D21="",F21=""),"",D21*F21) | I21: =IF(OR(H21="",G21=""),"",H21-G21) | J21: =IF(I21="","",IFERROR(I21/G21,0)) | K21: =IF(J21="","",IF(J21>=0.1,"Avaliar realização",IF(J21<0,"Acompanhar","Manter")))
D22: =IF(A22="","",SUMIF('Movimentações'!$C$5:$C$104,A22,'Movimentações'!$E$5:$E$104)) | E22: =IF(A22="","",IFERROR(SUMIF('Movimentações'!$C$5:$C$104,A22,'Movimentações'!$H$5:$H$104)/D22,0)) | G22: =IF(OR(D22="",E22=""),"",D22*E22) | H22: =IF(OR(D22="",F22=""),"",D22*F22) | I22: =IF(OR(H22="",G22=""),"",H22-G22) | J22: =IF(I22="","",IFERROR(I22/G22,0)) | K22: =IF(J22="","",IF(J22>=0.1,"Avaliar realização",IF(J22<0,"Acompanhar","Manter")))
D23: =IF(A23="","",SUMIF('Movimentações'!$C$5:$C$104,A23,'Movimentações'!$E$5:$E$104)) | E23: =IF(A23="","",IFERROR(SUMIF('Movimentações'!$C$5:$C$104,A23,'Movimentações'!$H$5:$H$104)/D23,0)) | G23: =IF(OR(D23="",E23=""),"",D23*E23) | H23: =IF(OR(D23="",F23=""),"",D23*F23) | I23: =IF(OR(H23="",G23=""),"",H23-G23) | J23: =IF(I23="","",IFERROR(I23/G23,0)) | K23: =IF(J23="","",IF(J23>=0.1,"Avaliar realização",IF(J23<0,"Acompanhar","Manter")))
D24: =IF(A24="","",SUMIF('Movimentações'!$C$5:$C$104,A24,'Movimentações'!$E$5:$E$104)) | E24: =IF(A24="","",IFERROR(SUMIF('Movimentações'!$C$5:$C$104,A24,'Movimentações'!$H$5:$H$104)/D24,0)) | G24: =IF(OR(D24="",E24=""),"",D24*E24) | H24: =IF(OR(D24="",F24=""),"",D24*F24) | I24: =IF(OR(H24="",G24=""),"",H24-G24) | J24: =IF(I24="","",IFERROR(I24/G24,0)) | K24: =IF(J24="","",IF(J24>=0.1,"Avaliar realização",IF(J24<0,"Acompanhar","Manter")))
... D104: =IF(A104="","",SUMIF('Movimentações'!$C$5:$C$104,A104,'Movimentações'!$E$5:$E$104)) | E104: =IF(A104="","",IFERROR(SUMIF('Movimentações'!$C$5:$C$104,A104,'Movimentações'!$H$5:$H$104)/D104,0)) | G104: =IF(OR(D104="",E104=""),"",D104*E104) | H104: =IF(OR(D104="",F104=""),"",D104*F104) | I104: =IF(OR(H104="",G104=""),"",H104-G104) | J104: =IF(I104="","",IFERROR(I104/G104,0)) | K104: =IF(J104="","",IF(J104>=0.1,"Avaliar realização",IF(J104<0,"Acompanhar","Manter")))

Sheet Movimentações
A1: Registro de Movimentações em Ações
A2: Preencha compras com quantidade positiva e vendas com quantidade negativa. Valores e cotações são fictícios.
A4: Data | B4: Tipo | C4: Ticker | D4: Empresa | E4: Quantidade | F4: Preço unitário | G4: Corretagem/Taxas | H4: Valor bruto | I4: Valor líquido | J4: Instituição | K4: Observação
A5: 46027 | B5: Compra | C5: ITUB4 | D5: =IF(C5="","",IFERROR(VLOOKUP(C5,'Carteira'!$A$5:$C$104,2,FALSE),"Ticker não cadastrado")) | E5: 100 | F5: 31.2 | G5: 4.5 | H5: =IF(OR(E5="",F5=""),"",E5*F5) | I5: =IF(OR(B5="",H5=""),"",IFERROR(IF(B5="Compra",H5+G5,H5-G5),"")) | J5: Corretora Alfa | K5: Aporte inicial
A6: 46034 | B6: Compra | C6: VALE3 | D6: =IF(C6="","",IFERROR(VLOOKUP(C6,'Carteira'!$A$5:$C$104,2,FALSE),"Ticker não cadastrado")) | E6: 50 | F6: 58.4 | G6: 4.5 | H6: =IF(OR(E6="",F6=""),"",E6*F6) | I6: =IF(OR(B6="",H6=""),"",IFERROR(IF(B6="Compra",H6+G6,H6-G6),"")) | J6: Corretora Alfa | K6: Diversificação
A7: 46042 | B7: Compra | C7: WEGE3 | D7: =IF(C7="","",IFERROR(VLOOKUP(C7,'Carteira'!$A$5:$C$104,2,FALSE),"Ticker não cadastrado")) | E7: 40 | F7: 42.75 | G7: 4.5 | H7: =IF(OR(E7="",F7=""),"",E7*F7) | I7: =IF(OR(B7="",H7=""),"",IFERROR(IF(B7="Compra",H7+G7,H7-G7),"")) | J7: Banco Beta | K7: Crescimento
A8: 46056 | B8: Compra | C8: PETR4 | D8: =IF(C8="","",IFERROR(VLOOKUP(C8,'Carteira'!$A$5:$C$104,2,FALSE),"Ticker não cadastrado")) | E8: 80 | F8: 36.1 | G8: 4.5 | H8: =IF(OR(E8="",F8=""),"",E8*F8) | I8: =IF(OR(B8="",H8=""),"",IFERROR(IF(B8="Compra",H8+G8,H8-G8),"")) | J8: Banco Beta | K8: Renda variável
A9: 46071 | B9: Compra | C9: BBAS3 | D9: =IF(C9="","",IFERROR(VLOOKUP(C9,'Carteira'!$A$5:$C$104,2,FALSE),"Ticker não cadastrado")) | E9: 60 | F9: 28.9 | G9: 4.5 | H9: =IF(OR(E9="",F9=""),"",E9*F9) | I9: =IF(OR(B9="",H9=""),"",IFERROR(IF(B9="Compra",H9+G9,H9-G9),"")) | J9: Corretora Gama | K9: Setor bancário
A10: 46085 | B10: Compra | C10: ABEV3 | D10: =IF(C10="","",IFERROR(VLOOKUP(C10,'Carteira'!$A$5:$C$104,2,FALSE),"Ticker não cadastrado")) | E10: 150 | F10: 13.85 | G10: 4.5 | H10: =IF(OR(E10="",F10=""),"",E10*F10) | I10: =IF(OR(B10="",H10=""),"",IFERROR(IF(B10="Compra",H10+G10,H10-G10),"")) | J10: Corretora Gama | K10: Ação defensiva
A11: 46100 | B11: Compra | C11: B3SA3 | D11: =IF(C11="","",IFERROR(VLOOKUP(C11,'Carteira'!$A$5:$C$104,2,FALSE),"Ticker não cadastrado")) | E11: 120 | F11: 12.4 | G11: 4.5 | H11: =IF(OR(E11="",F11=""),"",E11*F11) | I11: =IF(OR(B11="",H11=""),"",IFERROR(IF(B11="Compra",H11+G11,H11-G11),"")) | J11: Corretora Delta | K11: Infraestrutura
A12: 46120 | B12: Compra | C12: LREN3 | D12: =IF(C12="","",IFERROR(VLOOKUP(C12,'Carteira'!$A$5:$C$104,2,FALSE),"Ticker não cadastrado")) | E12: 70 | F12: 16.3 | G12: 4.5 | H12: =IF(OR(E12="",F12=""),"",E12*F12) | I12: =IF(OR(B12="",H12=""),"",IFERROR(IF(B12="Compra",H12+G12,H12-G12),"")) | J12: Corretora Delta | K12: Varejo
A13: 46157 | B13: Venda | C13: PETR4 | D13: =IF(C13="","",IFERROR(VLOOKUP(C13,'Carteira'!$A$5:$C$104,2,FALSE),"Ticker não cadastrado")) | E13: -20 | F13: 39.8 | G13: 4.5 | H13: =IF(OR(E13="",F13=""),"",E13*F13) | I13: =IF(OR(B13="",H13=""),"",IFERROR(IF(B13="Compra",H13+G13,H13-G13),"")) | J13: Corretora Alfa | K13: Realização parcial
A14: 46183 | B14: Venda | C14: ITUB4 | D14: =IF(C14="","",IFERROR(VLOOKUP(C14,'Carteira'!$A$5:$C$104,2,FALSE),"Ticker não cadastrado")) | E14: -20 | F14: 34.1 | G14: 4.5 | H14: =IF(OR(E14="",F14=""),"",E14*F14) | I14: =IF(OR(B14="",H14=""),"",IFERROR(IF(B14="Compra",H14+G14,H14-G14),"")) | J14: Banco Beta | K14: Rebalanceamento
D15: =IF(C15="","",IFERROR(VLOOKUP(C15,'Carteira'!$A$5:$C$104,2,FALSE),"Ticker não cadastrado")) | H15: =IF(OR(E15="",F15=""),"",E15*F15) | I15: =IF(OR(B15="",H15=""),"",IFERROR(IF(B15="Compra",H15+G15,H15-G15),""))
D16: =IF(C16="","",IFERROR(VLOOKUP(C16,'Carteira'!$A$5:$C$104,2,FALSE),"Ticker não cadastrado")) | H16: =IF(OR(E16="",F16=""),"",E16*F16) | I16: =IF(OR(B16="",H16=""),"",IFERROR(IF(B16="Compra",H16+G16,H16-G16),""))
D17: =IF(C17="","",IFERROR(VLOOKUP(C17,'Carteira'!$A$5:$C$104,2,FALSE),"Ticker não cadastrado")) | H17: =IF(OR(E17="",F17=""),"",E17*F17) | I17: =IF(OR(B17="",H17=""),"",IFERROR(IF(B17="Compra",H17+G17,H17-G17),""))
D18: =IF(C18="","",IFERROR(VLOOKUP(C18,'Carteira'!$A$5:$C$104,2,FALSE),"Ticker não cadastrado")) | H18: =IF(OR(E18="",F18=""),"",E18*F18) | I18: =IF(OR(B18="",H18=""),"",IFERROR(IF(B18="Compra",H18+G18,H18-G18),""))
D19: =IF(C19="","",IFERROR(VLOOKUP(C19,'Carteira'!$A$5:$C$104,2,FALSE),"Ticker não cadastrado")) | H19: =IF(OR(E19="",F19=""),"",E19*F19) | I19: =IF(OR(B19="",H19=""),"",IFERROR(IF(B19="Compra",H19+G19,H19-G19),""))
D20: =IF(C20="","",IFERROR(VLOOKUP(C20,'Carteira'!$A$5:$C$104,2,FALSE),"Ticker não cadastrado")) | H20: =IF(OR(E20="",F20=""),"",E20*F20) | I20: =IF(OR(B20="",H20=""),"",IFERROR(IF(B20="Compra",H20+G20,H20-G20),""))
D21: =IF(C21="","",IFERROR(VLOOKUP(C21,'Carteira'!$A$5:$C$104,2,FALSE),"Ticker não cadastrado")) | H21: =IF(OR(E21="",F21=""),"",E21*F21) | I21: =IF(OR(B21="",H21=""),"",IFERROR(IF(B21="Compra",H21+G21,H21-G21),""))
D22: =IF(C22="","",IFERROR(VLOOKUP(C22,'Carteira'!$A$5:$C$104,2,FALSE),"Ticker não cadastrado")) | H22: =IF(OR(E22="",F22=""),"",E22*F22) | I22: =IF(OR(B22="",H22=""),"",IFERROR(IF(B22="Compra",H22+G22,H22-G22),""))
D23: =IF(C23="","",IFERROR(VLOOKUP(C23,'Carteira'!$A$5:$C$104,2,FALSE),"Ticker não cadastrado")) | H23: =IF(OR(E23="",F23=""),"",E23*F23) | I23: =IF(OR(B23="",H23=""),"",IFERROR(IF(B23="Compra",H23+G23,H23-G23),""))
D24: =IF(C24="","",IFERROR(VLOOKUP(C24,'Carteira'!$A$5:$C$104,2,FALSE),"Ticker não cadastrado")) | H24: =IF(OR(E24="",F24=""),"",E24*F24) | I24: =IF(OR(B24="",H24=""),"",IFERROR(IF(B24="Compra",H24+G24,H24-G24),""))
D25: =IF(C25="","",IFERROR(VLOOKUP(C25,'Carteira'!$A$5:$C$104,2,FALSE),"Ticker não cadastrado")) | H25: =IF(OR(E25="",F25=""),"",E25*F25) | I25: =IF(OR(B25="",H25=""),"",IFERROR(IF(B25="Compra",H25+G25,H25-G25),""))
D26: =IF(C26="","",IFERROR(VLOOKUP(C26,'Carteira'!$A$5:$C$104,2,FALSE),"Ticker não cadastrado")) | H26: =IF(OR(E26="",F26=""),"",E26*F26) | I26: =IF(OR(B26="",H26=""),"",IFERROR(IF(B26="Compra",H26+G26,H26-G26),""))
... D104: =IF(C104="","",IFERROR(VLOOKUP(C104,'Carteira'!$A$5:$C$104,2,FALSE),"Ticker não cadastrado")) | H104: =IF(OR(E104="",F104=""),"",E104*F104) | I104: =IF(OR(B104="",H104=""),"",IFERROR(IF(B104="Compra",H104+G104,H104-G104),""))

Sheet Painel
A1: Painel Gerencial da Carteira
A3: Total investido | B3: =SUM('Carteira'!$G$5:$G$104)
A4: Valor atual | B4: =SUM('Carteira'!$H$5:$H$104)
A5: Resultado em R$ | B5: =SUM('Carteira'!$I$5:$I$104)
A6: Resultado percentual | B6: =IFERROR(B5/B3,0)
A9: Status | B9: Quantidade
A10: Avaliar realização | B10: =COUNTIF('Carteira'!$K$5:$K$104,A10)
A11: Manter | B11: =COUNTIF('Carteira'!$K$5:$K$104,A11)
A12: Acompanhar | B12: =COUNTIF('Carteira'!$K$5:$K$104,A12)
A15: Setor | B15: Valor atual agregado
A16: Bancos | B16: =IF(A16="","",SUMIF('Carteira'!$C$5:$C$104,A16,'Carteira'!$H$5:$H$104))
A17: Mineração | B17: =IF(A17="","",SUMIF('Carteira'!$C$5:$C$104,A17,'Carteira'!$H$5:$H$104))
A18: Petróleo e Gás | B18: =IF(A18="","",SUMIF('Carteira'!$C$5:$C$104,A18,'Carteira'!$H$5:$H$104))
A19: Bens Industriais | B19: =IF(A19="","",SUMIF('Carteira'!$C$5:$C$104,A19,'Carteira'!$H$5:$H$104))
A20: Bebidas | B20: =IF(A20="","",SUMIF('Carteira'!$C$5:$C$104,A20,'Carteira'!$H$5:$H$104))
A21: Serviços Financeiros | B21: =IF(A21="","",SUMIF('Carteira'!$C$5:$C$104,A21,'Carteira'!$H$5:$H$104))
A22: Varejo | B22: =IF(A22="","",SUMIF('Carteira'!$C$5:$C$104,A22,'Carteira'!$H$5:$H$104))
J38: Ativo | K38: Resultado positivo | L38: Resultado negativo
J39: =IF('Carteira'!$A$5="","",'Carteira'!$A$5) | K39: =IF('Carteira'!$A$5="","",IF('Carteira'!$I$5>0,'Carteira'!$I$5,"")) | L39: =IF('Carteira'!$A$5="","",IF('Carteira'!$I$5<0,'Carteira'!$I$5,""))
J40: =IF('Carteira'!$A$6="","",'Carteira'!$A$6) | K40: =IF('Carteira'!$A$6="","",IF('Carteira'!$I$6>0,'Carteira'!$I$6,"")) | L40: =IF('Carteira'!$A$6="","",IF('Carteira'!$I$6<0,'Carteira'!$I$6,""))
J41: =IF('Carteira'!$A$7="","",'Carteira'!$A$7) | K41: =IF('Carteira'!$A$7="","",IF('Carteira'!$I$7>0,'Carteira'!$I$7,"")) | L41: =IF('Carteira'!$A$7="","",IF('Carteira'!$I$7<0,'Carteira'!$I$7,""))
J42: =IF('Carteira'!$A$8="","",'Carteira'!$A$8) | K42: =IF('Carteira'!$A$8="","",IF('Carteira'!$I$8>0,'Carteira'!$I$8,"")) | L42: =IF('Carteira'!$A$8="","",IF('Carteira'!$I$8<0,'Carteira'!$I$8,""))
J43: =IF('Carteira'!$A$9="","",'Carteira'!$A$9) | K43: =IF('Carteira'!$A$9="","",IF('Carteira'!$I$9>0,'Carteira'!$I$9,"")) | L43: =IF('Carteira'!$A$9="","",IF('Carteira'!$I$9<0,'Carteira'!$I$9,""))
J44: =IF('Carteira'!$A$10="","",'Carteira'!$A$10) | K44: =IF('Carteira'!$A$10="","",IF('Carteira'!$I$10>0,'Carteira'!$I$10,"")) | L44: =IF('Carteira'!$A$10="","",IF('Carteira'!$I$10<0,'Carteira'!$I$10,""))
J45: =IF('Carteira'!$A$11="","",'Carteira'!$A$11) | K45: =IF('Carteira'!$A$11="","",IF('Carteira'!$I$11>0,'Carteira'!$I$11,"")) | L45: =IF('Carteira'!$A$11="","",IF('Carteira'!$I$11<0,'Carteira'!$I$11,""))
J46: =IF('Carteira'!$A$12="","",'Carteira'!$A$12) | K46: =IF('Carteira'!$A$12="","",IF('Carteira'!$I$12>0,'Carteira'!$I$12,"")) | L46: =IF('Carteira'!$A$12="","",IF('Carteira'!$I$12<0,'Carteira'!$I$12,""))
J47: =IF('Carteira'!$A$13="","",'Carteira'!$A$13) | K47: =IF('Carteira'!$A$13="","",IF('Carteira'!$I$13>0,'Carteira'!$I$13,"")) | L47: =IF('Carteira'!$A$13="","",IF('Carteira'!$I$13<0,'Carteira'!$I$13,""))
J48: =IF('Carteira'!$A$14="","",'Carteira'!$A$14) | K48: =IF('Carteira'!$A$14="","",IF('Carteira'!$I$14>0,'Carteira'!$I$14,"")) | L48: =IF('Carteira'!$A$14="","",IF('Carteira'!$I$14<0,'Carteira'!$I$14,""))
J49: =IF('Carteira'!$A$15="","",'Carteira'!$A$15) | K49: =IF('Carteira'!$A$15="","",IF('Carteira'!$I$15>0,'Carteira'!$I$15,"")) | L49: =IF('Carteira'!$A$15="","",IF('Carteira'!$I$15<0,'Carteira'!$I$15,""))
J50: =IF('Carteira'!$A$16="","",'Carteira'!$A$16) | K50: =IF('Carteira'!$A$16="","",IF('Carteira'!$I$16>0,'Carteira'!$I$16,"")) | L50: =IF('Carteira'!$A$16="","",IF('Carteira'!$I$16<0,'Carteira'!$I$16,""))
J51: =IF('Carteira'!$A$17="","",'Carteira'!$A$17) | K51: =IF('Carteira'!$A$17="","",IF('Carteira'!$I$17>0,'Carteira'!$I$17,"")) | L51: =IF('Carteira'!$A$17="","",IF('Carteira'!$I$17<0,'Carteira'!$I$17,""))
J52: =IF('Carteira'!$A$18="","",'Carteira'!$A$18) | K52: =IF('Carteira'!$A$18="","",IF('Carteira'!$I$18>0,'Carteira'!$I$18,"")) | L52: =IF('Carteira'!$A$18="","",IF('Carteira'!$I$18<0,'Carteira'!$I$18,""))
J53: =IF('Carteira'!$A$19="","",'Carteira'!$A$19) | K53: =IF('Carteira'!$A$19="","",IF('Carteira'!$I$19>0,'Carteira'!$I$19,"")) | L53: =IF('Carteira'!$A$19="","",IF('Carteira'!$I$19<0,'Carteira'!$I$19,""))
J54: =IF('Carteira'!$A$20="","",'Carteira'!$A$20) | K54: =IF('Carteira'!$A$20="","",IF('Carteira'!$I$20>0,'Carteira'!$I$20,"")) | L54: =IF('Carteira'!$A$20="","",IF('Carteira'!$I$20<0,'Carteira'!$I$20,""))
J55: =IF('Carteira'!$A$21="","",'Carteira'!$A$21) | K55: =IF('Carteira'!$A$21="","",IF('Carteira'!$I$21>0,'Carteira'!$I$21,"")) | L55: =IF('Carteira'!$A$21="","",IF('Carteira'!$I$21<0,'Carteira'!$I$21,""))
J56: =IF('Carteira'!$A$22="","",'Carteira'!$A$22) | K56: =IF('Carteira'!$A$22="","",IF('Carteira'!$I$22>0,'Carteira'!$I$22,"")) | L56: =IF('Carteira'!$A$22="","",IF('Carteira'!$I$22<0,'Carteira'!$I$22,""))
J57: =IF('Carteira'!$A$23="","",'Carteira'!$A$23) | K57: =IF('Carteira'!$A$23="","",IF('Carteira'!$I$23>0,'Carteira'!$I$23,"")) | L57: =IF('Carteira'!$A$23="","",IF('Carteira'!$I$23<0,'Carteira'!$I$23,""))
J58: =IF('Carteira'!$A$24="","",'Carteira'!$A$24) | K58: =IF('Carteira'!$A$24="","",IF('Carteira'!$I$24>0,'Carteira'!$I$24,"")) | L58: =IF('Carteira'!$A$24="","",IF('Carteira'!$I$24<0,'Carteira'!$I$24,""))
J59: =IF('Carteira'!$A$25="","",'Carteira'!$A$25) | K59: =IF('Carteira'!$A$25="","",IF('Carteira'!$I$25>0,'Carteira'!$I$25,"")) | L59: =IF('Carteira'!$A$25="","",IF('Carteira'!$I$25<0,'Carteira'!$I$25,""))
J60: =IF('Carteira'!$A$26="","",'Carteira'!$A$26) | K60: =IF('Carteira'!$A$26="","",IF('Carteira'!$I$26>0,'Carteira'!$I$26,"")) | L60: =IF('Carteira'!$A$26="","",IF('Carteira'!$I$26<0,'Carteira'!$I$26,""))
J61: =IF('Carteira'!$A$27="","",'Carteira'!$A$27) | K61: =IF('Carteira'!$A$27="","",IF('Carteira'!$I$27>0,'Carteira'!$I$27,"")) | L61: =IF('Carteira'!$A$27="","",IF('Carteira'!$I$27<0,'Carteira'!$I$27,""))
J62: =IF('Carteira'!$A$28="","",'Carteira'!$A$28) | K62: =IF('Carteira'!$A$28="","",IF('Carteira'!$I$28>0,'Carteira'!$I$28,"")) | L62: =IF('Carteira'!$A$28="","",IF('Carteira'!$I$28<0,'Carteira'!$I$28,""))
J63: =IF('Carteira'!$A$29="","",'Carteira'!$A$29) | K63: =IF('Carteira'!$A$29="","",IF('Carteira'!$I$29>0,'Carteira'!$I$29,"")) | L63: =IF('Carteira'!$A$29="","",IF('Carteira'!$I$29<0,'Carteira'!$I$29,""))
J64: =IF('Carteira'!$A$30="","",'Carteira'!$A$30) | K64: =IF('Carteira'!$A$30="","",IF('Carteira'!$I$30>0,'Carteira'!$I$30,"")) | L64: =IF('Carteira'!$A$30="","",IF('Carteira'!$I$30<0,'Carteira'!$I$30,""))
J65: =IF('Carteira'!$A$31="","",'Carteira'!$A$31) | K65: =IF('Carteira'!$A$31="","",IF('Carteira'!$I$31>0,'Carteira'!$I$31,"")) | L65: =IF('Carteira'!$A$31="","",IF('Carteira'!$I$31<0,'Carteira'!$I$31,""))
J66: =IF('Carteira'!$A$32="","",'Carteira'!$A$32) | K66: =IF('Carteira'!$A$32="","",IF('Carteira'!$I$32>0,'Carteira'!$I$32,"")) | L66: =IF('Carteira'!$A$32="","",IF('Carteira'!$I$32<0,'Carteira'!$I$32,""))
J67: =IF('Carteira'!$A$33="","",'Carteira'!$A$33) | K67: =IF('Carteira'!$A$33="","",IF('Carteira'!$I$33>0,'Carteira'!$I$33,"")) | L67: =IF('Carteira'!$A$33="","",IF('Carteira'!$I$33<0,'Carteira'!$I$33,""))
J68: =IF('Carteira'!$A$34="","",'Carteira'!$A$34) | K68: =IF('Carteira'!$A$34="","",IF('Carteira'!$I$34>0,'Carteira'!$I$34,"")) | L68: =IF('Carteira'!$A$34="","",IF('Carteira'!$I$34<0,'Carteira'!$I$34,""))
J69: =IF('Carteira'!$A$35="","",'Carteira'!$A$35) | K69: =IF('Carteira'!$A$35="","",IF('Carteira'!$I$35>0,'Carteira'!$I$35,"")) | L69: =IF('Carteira'!$A$35="","",IF('Carteira'!$I$35<0,'Carteira'!$I$35,""))
J70: =IF('Carteira'!$A$36="","",'Carteira'!$A$36) | K70: =IF('Carteira'!$A$36="","",IF('Carteira'!$I$36>0,'Carteira'!$I$36,"")) | L70: =IF('Carteira'!$A$36="","",IF('Carteira'!$I$36<0,'Carteira'!$I$36,""))
J71: =IF('Carteira'!$A$37="","",'Carteira'!$A$37) | K71: =IF('Carteira'!$A$37="","",IF('Carteira'!$I$37>0,'Carteira'!$I$37,"")) | L71: =IF('Carteira'!$A$37="","",IF('Carteira'!$I$37<0,'Carteira'!$I$37,""))
J72: =IF('Carteira'!$A$38="","",'Carteira'!$A$38) | K72: =IF('Carteira'!$A$38="","",IF('Carteira'!$I$38>0,'Carteira'!$I$38,"")) | L72: =IF('Carteira'!$A$38="","",IF('Carteira'!$I$38<0,'Carteira'!$I$38,""))
J73: =IF('Carteira'!$A$39="","",'Carteira'!$A$39) | K73: =IF('Carteira'!$A$39="","",IF('Carteira'!$I$39>0,'Carteira'!$I$39,"")) | L73: =IF('Carteira'!$A$39="","",IF('Carteira'!$I$39<0,'Carteira'!$I$39,""))
J74: =IF('Carteira'!$A$40="","",'Carteira'!$A$40) | K74: =IF('Carteira'!$A$40="","",IF('Carteira'!$I$40>0,'Carteira'!$I$40,"")) | L74: =IF('Carteira'!$A$40="","",IF('Carteira'!$I$40<0,'Carteira'!$I$40,""))
J75: =IF('Carteira'!$A$41="","",'Carteira'!$A$41) | K75: =IF('Carteira'!$A$41="","",IF('Carteira'!$I$41>0,'Carteira'!$I$41,"")) | L75: =IF('Carteira'!$A$41="","",IF('Carteira'!$I$41<0,'Carteira'!$I$41,""))
J76: =IF('Carteira'!$A$42="","",'Carteira'!$A$42) | K76: =IF('Carteira'!$A$42="","",IF('Carteira'!$I$42>0,'Carteira'!$I$42,"")) | L76: =IF('Carteira'!$A$42="","",IF('Carteira'!$I$42<0,'Carteira'!$I$42,""))
J77: =IF('Carteira'!$A$43="","",'Carteira'!$A$43) | K77: =IF('Carteira'!$A$43="","",IF('Carteira'!$I$43>0,'Carteira'!$I$43,"")) | L77: =IF('Carteira'!$A$43="","",IF('Carteira'!$I$43<0,'Carteira'!$I$43,""))
J78: =IF('Carteira'!$A$44="","",'Carteira'!$A$44) | K78: =IF('Carteira'!$A$44="","",IF('Carteira'!$I$44>0,'Carteira'!$I$44,"")) | L78: =IF('Carteira'!$A$44="","",IF('Carteira'!$I$44<0,'Carteira'!$I$44,""))
J79: =IF('Carteira'!$A$45="","",'Carteira'!$A$45) | K79: =IF('Carteira'!$A$45="","",IF('Carteira'!$I$45>0,'Carteira'!$I$45,"")) | L79: =IF('Carteira'!$A$45="","",IF('Carteira'!$I$45<0,'Carteira'!$I$45,""))
J80: =IF('Carteira'!$A$46="","",'Carteira'!$A$46) | K80: =IF('Carteira'!$A$46="","",IF('Carteira'!$I$46>0,'Carteira'!$I$46,"")) | L80: =IF('Carteira'!$A$46="","",IF('Carteira'!$I$46<0,'Carteira'!$I$46,""))
J81: =IF('Carteira'!$A$47="","",'Carteira'!$A$47) | K81: =IF('Carteira'!$A$47="","",IF('Carteira'!$I$47>0,'Carteira'!$I$47,"")) | L81: =IF('Carteira'!$A$47="","",IF('Carteira'!$I$47<0,'Carteira'!$I$47,""))
J82: =IF('Carteira'!$A$48="","",'Carteira'!$A$48) | K82: =IF('Carteira'!$A$48="","",IF('Carteira'!$I$48>0,'Carteira'!$I$48,"")) | L82: =IF('Carteira'!$A$48="","",IF('Carteira'!$I$48<0,'Carteira'!$I$48,""))
J83: =IF('Carteira'!$A$49="","",'Carteira'!$A$49) | K83: =IF('Carteira'!$A$49="","",IF('Carteira'!$I$49>0,'Carteira'!$I$49,"")) | L83: =IF('Carteira'!$A$49="","",IF('Carteira'!$I$49<0,'Carteira'!$I$49,""))
J84: =IF('Carteira'!$A$50="","",'Carteira'!$A$50) | K84: =IF('Carteira'!$A$50="","",IF('Carteira'!$I$50>0,'Carteira'!$I$50,"")) | L84: =IF('Carteira'!$A$50="","",IF('Carteira'!$I$50<0,'Carteira'!$I$50,""))
J85: =IF('Carteira'!$A$51="","",'Carteira'!$A$51) | K85: =IF('Carteira'!$A$51="","",IF('Carteira'!$I$51>0,'Carteira'!$I$51,"")) | L85: =IF('Carteira'!$A$51="","",IF('Carteira'!$I$51<0,'Carteira'!$I$51,""))
J86: =IF('Carteira'!$A$52="","",'Carteira'!$A$52) | K86: =IF('Carteira'!$A$52="","",IF('Carteira'!$I$52>0,'Carteira'!$I$52,"")) | L86: =IF('Carteira'!$A$52="","",IF('Carteira'!$I$52<0,'Carteira'!$I$52,""))
J87: =IF('Carteira'!$A$53="","",'Carteira'!$A$53) | K87: =IF('Carteira'!$A$53="","",IF('Carteira'!$I$53>0,'Carteira'!$I$53,"")) | L87: =IF('Carteira'!$A$53="","",IF('Carteira'!$I$53<0,'Carteira'!$I$53,""))
J88: =IF('Carteira'!$A$54="","",'Carteira'!$A$54) | K88: =IF('Carteira'!$A$54="","",IF('Carteira'!$I$54>0,'Carteira'!$I$54,"")) | L88: =IF('Carteira'!$A$54="","",IF('Carteira'!$I$54<0,'Carteira'!$I$54,""))
J89: =IF('Carteira'!$A$55="","",'Carteira'!$A$55) | K89: =IF('Carteira'!$A$55="","",IF('Carteira'!$I$55>0,'Carteira'!$I$55,"")) | L89: =IF('Carteira'!$A$55="","",IF('Carteira'!$I$55<0,'Carteira'!$I$55,""))
J90: =IF('Carteira'!$A$56="","",'Carteira'!$A$56) | K90: =IF('Carteira'!$A$56="","",IF('Carteira'!$I$56>0,'Carteira'!$I$56,"")) | L90: =IF('Carteira'!$A$56="","",IF('Carteira'!$I$56<0,'Carteira'!$I$56,""))
J91: =IF('Carteira'!$A$57="","",'Carteira'!$A$57) | K91: =IF('Carteira'!$A$57="","",IF('Carteira'!$I$57>0,'Carteira'!$I$57,"")) | L91: =IF('Carteira'!$A$57="","",IF('Carteira'!$I$57<0,'Carteira'!$I$57,""))
J92: =IF('Carteira'!$A$58="","",'Carteira'!$A$58) | K92: =IF('Carteira'!$A$58="","",IF('Carteira'!$I$58>0,'Carteira'!$I$58,"")) | L92: =IF('Carteira'!$A$58="","",IF('Carteira'!$I$58<0,'Carteira'!$I$58,""))
J93: =IF('Carteira'!$A$59="","",'Carteira'!$A$59) | K93: =IF('Carteira'!$A$59="","",IF('Carteira'!$I$59>0,'Carteira'!$I$59,"")) | L93: =IF('Carteira'!$A$59="","",IF('Carteira'!$I$59<0,'Carteira'!$I$59,""))
J94: =IF('Carteira'!$A$60="","",'Carteira'!$A$60) | K94: =IF('Carteira'!$A$60="","",IF('Carteira'!$I$60>0,'Carteira'!$I$60,"")) | L94: =IF('Carteira'!$A$60="","",IF('Carteira'!$I$60<0,'Carteira'!$I$60,""))
J95: =IF('Carteira'!$A$61="","",'Carteira'!$A$61) | K95: =IF('Carteira'!$A$61="","",IF('Carteira'!$I$61>0,'Carteira'!$I$61,"")) | L95: =IF('Carteira'!$A$61="","",IF('Carteira'!$I$61<0,'Carteira'!$I$61,""))
J96: =IF('Carteira'!$A$62="","",'Carteira'!$A$62) | K96: =IF('Carteira'!$A$62="","",IF('Carteira'!$I$62>0,'Carteira'!$I$62,"")) | L96: =IF('Carteira'!$A$62="","",IF('Carteira'!$I$62<0,'Carteira'!$I$62,""))
J97: =IF('Carteira'!$A$63="","",'Carteira'!$A$63) | K97: =IF('Carteira'!$A$63="","",IF('Carteira'!$I$63>0,'Carteira'!$I$63,"")) | L97: =IF('Carteira'!$A$63="","",IF('Carteira'!$I$63<0,'Carteira'!$I$63,""))
J98: =IF('Carteira'!$A$64="","",'Carteira'!$A$64) | K98: =IF('Carteira'!$A$64="","",IF('Carteira'!$I$64>0,'Carteira'!$I$64,"")) | L98: =IF('Carteira'!$A$64="","",IF('Carteira'!$I$64<0,'Carteira'!$I$64,""))
J99: =IF('Carteira'!$A$65="","",'Carteira'!$A$65) | K99: =IF('Carteira'!$A$65="","",IF('Carteira'!$I$65>0,'Carteira'!$I$65,"")) | L99: =IF('Carteira'!$A$65="","",IF('Carteira'!$I$65<0,'Carteira'!$I$65,""))
J100: =IF('Carteira'!$A$66="","",'Carteira'!$A$66) | K100: =IF('Carteira'!$A$66="","",IF('Carteira'!$I$66>0,'Carteira'!$I$66,"")) | L100: =IF('Carteira'!$A$66="","",IF('Carteira'!$I$66<0,'Carteira'!$I$66,""))
J101: =IF('Carteira'!$A$67="","",'Carteira'!$A$67) | K101: =IF('Carteira'!$A$67="","",IF('Carteira'!$I$67>0,'Carteira'!$I$67,"")) | L101: =IF('Carteira'!$A$67="","",IF('Carteira'!$I$67<0,'Carteira'!$I$67,""))
J102: =IF('Carteira'!$A$68="","",'Carteira'!$A$68) | K102: =IF('Carteira'!$A$68="","",IF('Carteira'!$I$68>0,'Carteira'!$I$68,"")) | L102: =IF('Carteira'!$A$68="","",IF('Carteira'!$I$68<0,'Carteira'!$I$68,""))
J103: =IF('Carteira'!$A$69="","",'Carteira'!$A$69) | K103: =IF('Carteira'!$A$69="","",IF('Carteira'!$I$69>0,'Carteira'!$I$69,"")) | L103: =IF('Carteira'!$A$69="","",IF('Carteira'!$I$69<0,'Carteira'!$I$69,""))
J104: =IF('Carteira'!$A$70="","",'Carteira'!$A$70) | K104: =IF('Carteira'!$A$70="","",IF('Carteira'!$I$70>0,'Carteira'!$I$70,"")) | L104: =IF('Carteira'!$A$70="","",IF('Carteira'!$I$70<0,'Carteira'!$I$70,""))
J105: =IF('Carteira'!$A$71="","",'Carteira'!$A$71) | K105: =IF('Carteira'!$A$71="","",IF('Carteira'!$I$71>0,'Carteira'!$I$71,"")) | L105: =IF('Carteira'!$A$71="","",IF('Carteira'!$I$71<0,'Carteira'!$I$71,""))
J106: =IF('Carteira'!$A$72="","",'Carteira'!$A$72) | K106: =IF('Carteira'!$A$72="","",IF('Carteira'!$I$72>0,'Carteira'!$I$72,"")) | L106: =IF('Carteira'!$A$72="","",IF('Carteira'!$I$72<0,'Carteira'!$I$72,""))
J107: =IF('Carteira'!$A$73="","",'Carteira'!$A$73) | K107: =IF('Carteira'!$A$73="","",IF('Carteira'!$I$73>0,'Carteira'!$I$73,"")) | L107: =IF('Carteira'!$A$73="","",IF('Carteira'!$I$73<0,'Carteira'!$I$73,""))
J108: =IF('Carteira'!$A$74="","",'Carteira'!$A$74) | K108: =IF('Carteira'!$A$74="","",IF('Carteira'!$I$74>0,'Carteira'!$I$74,"")) | L108: =IF('Carteira'!$A$74="","",IF('Carteira'!$I$74<0,'Carteira'!$I$74,""))
J109: =IF('Carteira'!$A$75="","",'Carteira'!$A$75) | K109: =IF('Carteira'!$A$75="","",IF('Carteira'!$I$75>0,'Carteira'!$I$75,"")) | L109: =IF('Carteira'!$A$75="","",IF('Carteira'!$I$75<0,'Carteira'!$I$75,""))
J110: =IF('Carteira'!$A$76="","",'Carteira'!$A$76) | K110: =IF('Carteira'!$A$76="","",IF('Carteira'!$I$76>0,'Carteira'!$I$76,"")) | L110: =IF('Carteira'!$A$76="","",IF('Carteira'!$I$76<0,'Carteira'!$I$76,""))
J111: =IF('Carteira'!$A$77="","",'Carteira'!$A$77) | K111: =IF('Carteira'!$A$77="","",IF('Carteira'!$I$77>0,'Carteira'!$I$77,"")) | L111: =IF('Carteira'!$A$77="","",IF('Carteira'!$I$77<0,'Carteira'!$I$77,""))
J112: =IF('Carteira'!$A$78="","",'Carteira'!$A$78) | K112: =IF('Carteira'!$A$78="","",IF('Carteira'!$I$78>0,'Carteira'!$I$78,"")) | L112: =IF('Carteira'!$A$78="","",IF('Carteira'!$I$78<0,'Carteira'!$I$78,""))
J113: =IF('Carteira'!$A$79="","",'Carteira'!$A$79) | K113: =IF('Carteira'!$A$79="","",IF('Carteira'!$I$79>0,'Carteira'!$I$79,"")) | L113: =IF('Carteira'!$A$79="","",IF('Carteira'!$I$79<0,'Carteira'!$I$79,""))
J114: =IF('Carteira'!$A$80="","",'Carteira'!$A$80) | K114: =IF('Carteira'!$A$80="","",IF('Carteira'!$I$80>0,'Carteira'!$I$80,"")) | L114: =IF('Carteira'!$A$80="","",IF('Carteira'!$I$80<0,'Carteira'!$I$80,""))
J115: =IF('Carteira'!$A$81="","",'Carteira'!$A$81) | K115: =IF('Carteira'!$A$81="","",IF('Carteira'!$I$81>0,'Carteira'!$I$81,"")) | L115: =IF('Carteira'!$A$81="","",IF('Carteira'!$I$81<0,'Carteira'!$I$81,""))
J116: =IF('Carteira'!$A$82="","",'Carteira'!$A$82) | K116: =IF('Carteira'!$A$82="","",IF('Carteira'!$I$82>0,'Carteira'!$I$82,"")) | L116: =IF('Carteira'!$A$82="","",IF('Carteira'!$I$82<0,'Carteira'!$I$82,""))
J117: =IF('Carteira'!$A$83="","",'Carteira'!$A$83) | K117: =IF('Carteira'!$A$83="","",IF('Carteira'!$I$83>0,'Carteira'!$I$83,"")) | L117: =IF('Carteira'!$A$83="","",IF('Carteira'!$I$83<0,'Carteira'!$I$83,""))
J118: =IF('Carteira'!$A$84="","",'Carteira'!$A$84) | K118: =IF('Carteira'!$A$84="","",IF('Carteira'!$I$84>0,'Carteira'!$I$84,"")) | L118: =IF('Carteira'!$A$84="","",IF('Carteira'!$I$84<0,'Carteira'!$I$84,""))
J119: =IF('Carteira'!$A$85="","",'Carteira'!$A$85) | K119: =IF('Carteira'!$A$85="","",IF('Carteira'!$I$85>0,'Carteira'!$I$85,"")) | L119: =IF('Carteira'!$A$85="","",IF('Carteira'!$I$85<0,'Carteira'!$I$85,""))
J120: =IF('Carteira'!$A$86="","",'Carteira'!$A$86) | K120: =IF('Carteira'!$A$86="","",IF('Carteira'!$I$86>0,'Carteira'!$I$86,"")) | L120: =IF('Carteira'!$A$86="","",IF('Carteira'!$I$86<0,'Carteira'!$I$86,""))
...

Sheet Instruções
A1: Instruções de Uso da Planilha
A3: Finalidade | B3: Esta planilha apoia o acompanhamento gerencial de ações da Bovespa. Os valores, cotações e dados apresentados são fictícios e não representam recomendação de investimento.
A4: Aba Carteira | B4: Apresenta a posição atual de cada ativo, custo total, valor de referência, resultado financeiro, resultado percentual e status para decisão.
A5: Ticker | B5: Informe o código de negociação do ativo, como ITUB4 ou VALE3. Para novos ativos, preencha também Empresa, Setor e Preço de referência.
A6: Preço de referência | B6: Campo editável destacado em amarelo-claro. Atualize-o com a cotação que deseja usar para acompanhar a carteira.
A7: Aba Movimentações | B7: Registre cada compra ou venda. Em compras use quantidade positiva; em vendas use quantidade negativa. A empresa é preenchida automaticamente conforme o ticker.
A8: Tipo | B8: Use somente Compra ou Venda. A validação de dados mantém o preenchimento padronizado.
A9: Valor líquido | B9: Nas compras, soma valor bruto e taxas. Nas vendas, desconta as taxas do valor bruto. Revise taxas e corretagem conforme os seus comprovantes.
A10: Aba Painel | B10: Resume total investido, valor atual, resultado, situação dos ativos, concentração por setor e gráficos para facilitar a tomada de decisão.
A11: Atualização | B11: Preencha novas movimentações nas linhas preparadas e atualize os preços de referência na aba Carteira. As fórmulas já estão disponíveis até a linha 104.
A12: Atenção | B12: Mantenha comprovantes, notas de corretagem e registros fiscais separados. Consulte profissional habilitado para orientações tributárias e contábeis.
